 Dungeon Crawl Stone Soup version 0.29-a0-1065-g47a6bb87d6 (webtiles) character file.

Game seed: 7945250187543104955

2191 Newt the Cudgeller (level 9, -2/69 HPs)
             Began as a Demonspawn Gladiator on Aug 18, 2022.
             Was an Initiate of Gozag.
             Slain by a spriggan
             ... wielding a +0 spear
              (9 damage)
             ... in a bailey.
             The game lasted 00:12:21 (5760 turns).

Newt the Cudgeller (Demonspawn Gladiator)           Turns: 5760, Time: 00:12:22

Health: -2/69      AC:  8    Str: 19    XL:     9   Next: 12%
Magic:  9/9        EV: 12    Int:  9    God:    Gozag
Gold:   656        SH:  5    Dex: 15    Spells: 8/8 levels left

rFire   . . .      SeeInvis .   a - +2 hammer (protect)
rCold   . . .      Faith    .   (no shield)
rNeg    . . .      Spirit   .   i - +0 leather armour
rPois   .          Reflect  +   c - +1 helmet
rElec   .          Harm     .   x - +0 cloak
rCorr   .          Rampage  .   (no gloves)
Will    .....                   s - +0 pair of boots
Stlth   ++........              r - amulet of reflection
HPRegen 0.21/turn               y - +4 ring of slaying
MPRegen 0.11/turn               (no ring)

@: no status effects
A: powered by death 2, demonic touch 1
a: Renounce Religion, Potion Petition, Call Merchant, Bribe Branch


You were in a bailey.
You worshipped Gozag.
Gozag was pleased with you.
You visited 2 branches of the dungeon, and saw 8 of its levels.
You also visited: Bailey.

You collected 729 gold pieces.
You paid 73 gold pieces to Gozag.

Inventory:

Hand Weapons
 a - a +2 hammer of protection (weapon)
 b - a +0 sling
 g - a +0 rapier
 h - a +1 vorpal hammer
Missiles
 d - a throwing net
 e - a javelin
 m - 64 stones
 B - 14 boomerangs of dispersal
Armour
 c - a +1 helmet (worn)
 i - a +0 leather armour (worn)
 s - a +0 pair of boots (worn)
 x - a +0 cloak (worn)
Jewellery
 r - an amulet of reflection (around neck)
 y - a +4 ring of slaying (left hand)
 F - a ring of wizardry
Wands
 t - a wand of paralysis (10) (quivered)
 C - a wand of flame (9)
Scrolls
 k - 6 scrolls of teleportation
 q - a scroll of enchant armour
 A - 2 scrolls of immolation
Potions
 j - a potion of haste
 l - 4 potions of lignification
 n - 2 potions of cancellation
 o - 2 potions of degeneration
 u - 3 potions of berserk rage
 w - a potion of mutation {unknown}
 D - a potion of attraction {unknown}
 E - a potion of might {unknown}


   Skills:
 - Level 6.0 Fighting
 - Level 4.0 Short Blades
 - Level 6.0 Maces & Flails
 + Level 3.1 Throwing
 - Level 5.0 Armour
 - Level 2.6 Dodging
 - Level 4.0 Stealth


You had 8 spell levels left.
You didn't know any spells.
Your spell library contained the following spells:

 Spells                   Type           Power      Damage    Failure   Level
 Portal Projectile        Hex/Tloc       0%         N/A       80%         3
 Tukima's Dance           Hex            0%         N/A       80%         3
 Blade Hands              Tmut           0%         N/A       100%        5


Dungeon Overview and Level Annotations

Branches:
Dungeon (7/15)             Temple (1/1) D:4          Bailey (1/1)

Altars:
Ashenzari
Cheibriados
Fedhas
Gozag
Hepliaklqana
Kikubaaqudgha
Makhleb
Nemelex Xobeh
Qazlal
Ru
Sif Muna
Vehumet
Xom


Innate Abilities, Weirdness & Mutations

You regenerate health from kills.
Your touch may inflict minor irresistible damage on your foes.


Message History

The puff of flame hits the spriggan.
The spriggan is almost dead.
The spriggan hits you from afar with a +0 spear.
* * * LOW HITPOINT WARNING * * *
Aiming: Paralyse
Press: ? - help, Q - select action, (/) - cycle Shift-Dir - straight line, f/p - ogre
Aim: an ogre, wielding a +3 glaive (chance to affect: 49%)
The ogre suddenly stops moving!
The spriggan closely misses you.
Unknown command.
The spriggan hits you but does no damage.
You closely miss the spriggan.
The spriggan is almost dead.
The spriggan barely misses you.
You closely miss the spriggan.
The spriggan is almost dead.
The spriggan hits you but does no damage.
Unknown command.
You closely miss the spriggan.
The spriggan is almost dead.
You block the spriggan's attack.
Unknown command.
You closely miss the spriggan. Your touch misses the spriggan.
The spriggan is almost dead.
The spriggan closely misses you.
Unknown command.
You closely miss the spriggan. Your touch misses the spriggan.
The spriggan is almost dead.
The spriggan hits you with a +0 spear!
* * * LOW HITPOINT WARNING * * *
Unknown command.
You closely miss the spriggan.
The spriggan is almost dead.
You block the spriggan's attack.
Unknown command.
You miss the spriggan.
The spriggan is almost dead.
The spriggan hits you with a +0 spear!
You die...
Your body crumbles into a pile of gold.

#......~~~..# ♣.♣~..#
#......~~~..#. ♣.~D.D#
#......~~~..#.. ♣.♣~..#
#...∩..~~~..#O.♣ ♣♣.#...#
##.....###..##..♣♣♣♣♣..#...#
#.....# ##..##O......##..##
##...## #..#♣...$.♣#.i##
##.## #..##♣#♣##..## ###
##.i@......## ##O....$.##
#########


You could see an ogre (paralysed) and a spriggan.

Vanquished Creatures
  Pikel (D:4)
  2 spriggans (Bailey)
  Sigmund (D:2)
  An orc warrior (D:7)
  A sky beast (D:7)
  A black bear (D:7)
  An ogre (D:6)
  A lemure (D:5)
  3 kobold brigands
  Blork the orc (D:5)
  4 wights (D:7)
  A hound (D:5)
  An orc priest (D:5)
  Crazy Yiuf (D:2)
  Ijyb (D:3)
  3 iguanas
  Natasha (twice) (D:4)
  3 orc wizards
  3 gnolls (D:2)
  4 adders
  A shadow imp (D:7)
  An ufetubus (D:5)
  A worm (D:5)
  6 dart slugs
  10 orcs
  3 endoplasms
  3 giant cockroaches
  5 goblins
  6 hobgoblins
  6 jackals
  2 quokkas (D:2)
  4 ball pythons
  3 bats
  3 frilled lizards
  20 kobolds
  7 rats
117 creatures vanquished.

Vanquished Creatures (others)
  A plant (D:5)
1 creature vanquished.

Grand Total: 118 creatures vanquished

Notes
Turn   | Place    | Note
-------+----------+-------------------------------------------
     0 | D:1      | Newt the Demonspawn Gladiator began the quest for the Orb.
     0 | D:1      | Reached XP level 1. HP: 16/16 MP: 1/1
    97 | D:1      | Reached skill level 1 in Stealth
   373 | D:1      | Gained mutation: Your touch may inflict minor irresistible
                  | damage on your foes. [demonic ancestry]
   373 | D:1      | Reached XP level 2. HP: 21/22 MP: 2/2
   617 | D:1      | Found a faded altar of an unknown god.
   856 | D:1      | You fall into a shaft and drop 1 floor!
   982 | D:2      | Reached XP level 3. HP: 28/28 MP: 3/3
  1190 | D:2      | Noticed Sigmund
  1312 | D:2      | Killed Sigmund
  1313 | D:2      | Reached XP level 4. HP: 28/37 MP: 4/4
  1313 | D:2      | Reached XP level 5. HP: 32/42 MP: 5/5
  1547 | D:2      | Found a runed translucent door.
  1548 | D:2      | Noticed Crazy Yiuf
  1559 | D:2      | Killed Crazy Yiuf
  2408 | D:3      | Gained mutation: You regenerate a little health from kills.
                  | [demonic ancestry]
  2408 | D:3      | Reached XP level 6. HP: 48/48 MP: 6/6
  2583 | D:3      | Found an ancient bone altar of Kikubaaqudgha.
  2958 | D:3      | Noticed Ijyb
  2965 | D:3      | Killed Ijyb
  3231 | D:4      | Found a staircase to the Ecumenical Temple.
  3242 | Temple   | Entered the Ecumenical Temple
  3295 | Temple   | Became a worshipper of Gozag Ym Sagoz the Greedy
  3577 | D:4      | Noticed Natasha
  3585 | D:4      | Killed Natasha
  3586 | D:4      | Reached skill level 1 in Maces & Flails
  3836 | D:4      | Noticed Natasha
  3843 | D:4      | Killed Natasha
  3954 | D:5      | Entered Level 5 of the Dungeon
  4211 | D:5      | Noticed Blork the orc
  4239 | D:5      | Killed Blork the orc
  4240 | D:5      | Reached XP level 7. HP: 35/54 MP: 7/7
  4356 | D:5      | Noticed Pikel
  4370 | D:4      | Killed Pikel
  4371 | D:4      | Reached skill level 1 in Armour
  4371 | D:4      | Reached XP level 8. HP: 57/60 MP: 8/8
  4436 | D:5      | Found a blossoming altar of Fedhas.
  5183 | D:7      | HP: 1/59 [orc warrior/+0 trident (12)]
  5192 | D:7      | Reached skill level 5 in Armour
  5437 | D:7      | Reached skill level 5 in Fighting
  5541 | D:7      | Found a flagged portal.
  5552 | Bailey   | Entered a bailey
  5615 | Bailey   | Gained mutation: You regenerate health from kills. [demonic
                  | ancestry]
  5615 | Bailey   | Reached XP level 9. HP: 17/69 MP: 9/9
  5628 | Bailey   | Noticed a two-headed ogre
  5760 | Bailey   | Slain by a spriggan

Illustrated notes

Levels and vault maps discovered:
D:1:      dpeg_arrival_chambers_temple_mockup, layout_rooms,
          shapermc_ecumenical_altar_flowoftime, grunt_decor_resistance,
          minmay_tetromino_i4
D:2:      layout_basic, uniq_sigmund, uniq_crazy_yiuf_cottage
D:3:      layout_loops_corners, mainiacjoe_overflow_catch_the_wave, uniq_ijyb
D:4:      layout_loops_ring, minmay_temple_entry_junction, uniq_natasha
D:5:      layout_cave_pools, fedhas_ov_isle_minmay, uniq_pikel,
          uniq_blork_the_orc
D:6:      layout_loops_cross, nicolae_lava_and_water, minmay_unpleasant_kobolds
D:7:      layout_rooms, enter_bailey_2, hex_medium, minmay_crystal_water,
          kennysheep_boxes, uniq_menkaure
Temple:   nicolae_temple_god_jail
Bailey:   bailey_polearm_enchanted_keep_hellmonk, bailey

Skill      XL: |  1  2  3  4  5  6  7  8  9 |
---------------+----------------------------+-----
Stealth        | 1 2 3 4 |  4.0
Fighting       | 4 6 |  6.0
Short Blades   | 4 |  4.0
Maces & Flails | 3 6 |  6.0
Armour         | 1 5 |  5.0
Throwing       | 2 3 |  3.1
Dodging        | |  2.6

Action                   |  1- 3 |  4- 6 |  7- 9 || total
-------------------------+-------+-------+-------++-------
Melee: Rapier            |    65 |    22 |       ||    87
       Touch             |     8 |    19 |    32 ||    59
       Mace              |       |   117 |   174 ||   291
       Punch             |       |     4 |       ||     4
 Fire: Sling             |    44 |       |    18 ||    62
Throw: Throwing net      |       |     3 |     1 ||     4
Evoke: Wand              |       |       |     4 ||     4
  Use: Scroll            |     5 |     8 |     5 ||    18
       Potion            |     1 |     1 |     3 ||     5
 Stab: Held in net/web   |       |     1 |       ||     1
       Sleeping          |       |     7 |     1 ||     8
       Distracted        |       |     1 |     1 ||     2
Armor: Leather armour    |    36 |    46 |    69 ||   151
Dodge: Dodged            |    76 |    83 |   102 ||   261
Block: Other             |       |    12 |    48 ||    60
       Reflection        |       |       |     3 ||     3

Table legend: (Time is in decaauts)
 A = Elapsed time spent in this place.
 B = Non-inter-level travel time spent in this place.
 C = Inter-level travel time spent in this place.
 D = Time resting spent in this place.
 E = Time spent auto-exploring this place.
 F = Levels seen in this place.
 G = Mean time per level.
                   A        B        C        D        E       F      G
               +--------+--------+--------+--------+--------+-----+--------+
         Total |   5834 |   5739 |     95 |   1029 |   3375 |   9 |  648.2 |
       Dungeon |   5556 |   5489 |     67 |    933 |   3351 |   7 |  793.7 |
        Temple |     63 |     35 |     28 |      0 |     24 |   1 |   63.0 |
        Bailey |    213 |    213 |      0 |     96 |      0 |   1 |  213.0 |
               +--------+--------+--------+--------+--------+-----+--------+

Top non-repeatable levels by time:
     D:2: 1379 daAuts
     D:3: 950 daAuts
     D:1: 861 daAuts
     D:5: 773 daAuts
     D:4: 741 daAuts
     D:7: 593 daAuts
     D:6: 257 daAuts
  Bailey: 213 daAuts
  Temple: 63 daAuts
